 Dungeon Crawl Stone Soup version 0.25-a0-661-g55ea3d2053 (webtiles) character file.

Game seed: 18187156969163980461, levelgen mode: deterministic

2804 Kohma the Slicer (level 9, -7/61 HPs)
             Began as a Demonspawn Artificer on Mar 23, 2020.
             Was an Initiate of Kikubaaqudgha.
             Mangled by a sun demon (8 damage)
             ... summoned by a kobold demonologist
             ... on level 8 of the Dungeon.
             The game lasted 00:25:38 (10697 turns).

Kohma the Slicer (Demonspawn Artificer)            Turns: 10697, Time: 00:25:38

Health: -7/61      AC:  5    Str: 13    XL:     9   Next: 44%
Magic:  0/11       EV: 11    Int: 16    God:    Kikubaaqudgha [......]
Gold:   416        SH: 16    Dex: 16    Spells: 6/8 levels left

rFire    + . .     SeeInvis .   o - +2 dagger (vamp)
rCold    + . .     Gourm    .   p - +0 kite shield
rNeg     . . .     Faith    .   H - +1 leather armour of Depression {Dex+3}
rPois    .         Spirit   +   (no helmet)
rElec    .         Reflect  .   G - scarf {rC+ rF+}
rCorr    .         Harm     .   l - +0 pair of gloves
MR       .....                  (no boots)
Stlth    ++++......             A - amulet of the acrobat
HPRegen  0.20/turn              z - ring of wizardry
MPRegen  0.12/turn              (no ring)

@: no status effects
A: large bone plates 2, nightstalker 2, magic shield
a: Renounce Religion


You were on level 8 of the Dungeon.
You worshipped Kikubaaqudgha.
Kikubaaqudgha was noncommittal.
You were hungry.

You visited 2 branches of the dungeon, and saw 9 of its levels.

You collected 416 gold pieces.

Inventory:

Hand Weapons
 k - a +1 dagger
 o - a +2 vampiric dagger (weapon)
Missiles
 g - a throwing net
 v - 30 poisoned darts (quivered)
 C - 6 javelins
Armour
 l - a +0 pair of gloves (worn)
 p - a +0 kite shield (worn)
 G - a scarf of resistance (worn)
 H - the +1 leather armour of Depression (worn) {Dex+3}
   (You took it off an orc on level 8 of the Dungeon)

   It affects your dexterity (+3).
Jewellery
 z - a ring of wizardry (left hand)
 A - an amulet of the acrobat (around neck)
Wands
 d - a wand of enslavement (12)
 e - a wand of random effects (15)
 s - a wand of digging (7)
 E - a wand of polymorph (4)
Scrolls
 a - a scroll of fog
 i - 2 scrolls of teleportation
 q - 2 scrolls of remove curse
 t - a scroll of immolation
 y - 2 scrolls of enchant weapon
 F - 2 scrolls of identify
Potions
 c - a potion of stabbing {unknown}
 h - a potion of haste
 j - a potion of ambrosia
 n - 2 potions of magic
 r - 2 potions of flight
 u - a potion of curing
 w - 4 potions of heal wounds {unknown}
 x - 2 potions of degeneration {unknown}
 B - a potion of might
 D - a potion of lignification {unknown}
Comestibles
 b - 2 chunks of flesh
 f - 15 rations


   Skills:
 - Level 2.0 Fighting
 * Level 8.8 Short Blades
 - Level 3.0 Dodging
 - Level 3.1 Stealth
 + Level 6.9 Shields
 - Level 3.0 Evocations


You had 6 spell levels left.
You knew the following spells:

 Your Spells              Type           Power        Failure   Level  Hunger
a - Blink                 Tloc           N/A          45%         2    ###....

Your spell library contained the following spells:

 Spells                   Type           Power        Failure   Level  Hunger
 Magic Dart               Conj           #...         34%         1    ##.....
 Call Imp                 Summ           #.......     45%         2    ###....
 Slow                     Hex            #.......     45%         2    ###....
 Conjure Flame            Conj/Fire      #.......     69%         3    ####...
 Mephitic Cloud           Conj/Pois/Air  #.......     69%         3    ####...


Dungeon Overview and Level Annotations

Branches:
Dungeon (8/15)             Temple (1/1) D:6
   Lair: D:8-11

Altars:
Fedhas
Hepliaklqana
Kikubaaqudgha
Okawaru
Uskayaw
Vehumet
Yredelemnul
Zin
The Shining One


Innate Abilities, Weirdness & Mutations

You are mostly covered in large bone plates. (SH +6)
You are significantly more attuned to the shadows.
When hurt, damage is shared between your health and your magic reserves.


Message History

The kobold demonologist casts a spell.
You hit the kobold demonologist but do no damage.
The kobold demonologist is heavily wounded.
The kobold hits you. The sun demon closely misses you.
You hit the kobold demonologist.
You feel better.
The kobold demonologist is heavily wounded.
The kobold demonologist casts a spell.
Evoke which item? (* to show all) (? for menu, Esc to quit)
Aiming: Polymorph
Press: ? - help, Shift-Dir - straight line, f - kobold demonologist
Aim: a kobold demonologist, wielding a +0 dagger and wearing a +0 robe (heavily wounded, chance to defeat MR: 37%)
The kobold demonologist easily resists.
The sun demon hits you!!
* * * LOW HITPOINT WARNING * * *
You are engulfed in flames!
You resist.
* * * LOW HITPOINT WARNING * * *
The kobold misses you.
The kobold demonologist mumbles some strange words.
The sun demon hits you!
You die...
Kikubaaqudgha rasps: "You have failed me!
Welcome... death!" #.....# ###### #...... #K4KK##### #.....# #K##K@3..###....<# KKK #####...#.....# #.K.K ###.......## #..KK #.# ####.....# #KKKK

#.# #....... #.#
#####....... ####
#.###...........
....###.#...####.......#.
.....(....### #......#...


You could see a sun demon, a kobold demonologist, a red devil, a big kobold and
2 kobolds.

Vanquished Creatures
  Grinder (D:6)
  Prince Ribbit (D:6)
  Menkaure (D:6)
  Duvessa (D:4)
  3 phantoms
  2 sky beasts
  2 ogres
  5 big kobolds (D:8)
  2 bullfrogs
  Dowan (D:4)
  A water moccasin zombie (D:5)
  4 orc wizards
  A scorpion (D:8)
  4 howler monkeys
  2 jellies
  A bullfrog zombie (D:6)
  4 hounds
  An orc priest (D:5)
  A centaur skeleton (D:7)
  2 bullfrog skeletons
  An iguana (D:4)
  3 worker ants
  A hound skeleton (D:4)
  A worker ant zombie (D:5)
  4 gnolls
  3 adders
  A shadow imp (D:5)
  An ooze (D:1)
  3 adder zombies
  A worm (D:2)
  A dart slug (D:1)
  A leopard gecko (D:2)
  10 orcs
  A ball python (D:1)
  9 giant cockroaches
  9 hobgoblins
  6 jackals
  3 quokkas
  7 bats
  4 frilled lizards
  6 goblins
  A jackal zombie (D:5)
  10 kobolds
  A leopard gecko skeleton (D:4)
  2 quokka zombies
  6 rats
136 creatures vanquished.

Vanquished Creatures (collateral kills)
  An orc wizard (D:4)
  3 orcs (D:4)
4 creatures vanquished.

Vanquished Creatures (others)
  A centaur skeleton (D:8)
1 creature vanquished.

Grand Total: 141 creatures vanquished

Notes
Turn   | Place    | Note
-------+----------+-------------------------------------------
     0 | D:1      | Kohma the Demonspawn Artificer began the quest for the Orb.
     0 | D:1      | Reached XP level 1. HP: 15/15 MP: 3/3
    47 | D:1      | Reached skill level 1 in Short Blades
    52 | D:1      | Reached skill level 1 in Stealth
   410 | D:1      | Gained mutation: You are slightly more attuned to the
                  | shadows. [demonic ancestry]
   410 | D:1      | Reached XP level 2. HP: 21/21 MP: 4/4
  1183 | D:1      | Reached XP level 3. HP: 27/27 MP: 5/5
  2614 | D:3      | Gained mutation: You are partially covered in large bone
                  | plates. (SH +4) [demonic ancestry]
  2614 | D:3      | Reached XP level 4. HP: 27/33 MP: 6/6
  2737 | D:3      | Found a basalt altar of Yredelemnul.
  3705 | D:4      | Noticed Duvessa
  3708 | D:4      | Noticed Dowan
  3726 | D:4      | Killed Duvessa
  3726 | D:4      | Reached skill level 2 in Short Blades
  3726 | D:4      | Reached skill level 1 in Shields
  3726 | D:4      | Gained mutation: You are mostly covered in large bone
                  | plates. (SH +6) [demonic ancestry]
  3726 | D:4      | Reached XP level 5. HP: 24/38 MP: 7/7
  3726 | D:4      | Killed Dowan
  3726 | D:4      | Gained mutation: When hurt, damage is shared between your
                  | health and your magic reserves. [demonic ancestry]
  3726 | D:4      | Reached XP level 6. HP: 27/44 MP: 8/8
  3921 | D:4      | Reached skill level 3 in Short Blades
  4670 | D:5      | Entered Level 5 of the Dungeon
  4779 | D:5      | HP: 2/44 [orc priest/divine providence (11)]
  5259 | D:5      | Reached XP level 7. HP: 32/50 MP: 5/9
  5472 | D:5      | Reached skill level 4 in Short Blades
  6910 | D:6      | Reached skill level 5 in Short Blades
  6924 | D:6      | Gained mutation: You are significantly more attuned to the
                  | shadows. [demonic ancestry]
  6924 | D:6      | Reached XP level 8. HP: 56/56 MP: 10/10
  6946 | D:6      | Noticed Menkaure
  6953 | D:6      | Killed Menkaure
  6953 | D:6      | Reached skill level 5 in Shields
  7018 | D:6      | Found a staircase to the Ecumenical Temple.
  7056 | Temple   | Entered the Ecumenical Temple
  7062 | Temple   | Became a worshipper of Kikubaaqudgha
  7103 | D:6      | Found a hide-covered altar of Uskayaw.
  7113 | D:6      | Noticed Grinder
  7118 | D:6      | Killed Grinder
  7118 | D:6      | Reached skill level 6 in Short Blades
  7198 | D:6      | Found a hazy altar of Hepliaklqana.
  7216 | D:6      | Noticed Prince Ribbit
  7258 | D:6      | Found a glowing golden altar of the Shining One.
  8248 | D:6      | Found a staircase to the Ecumenical Temple.
  8486 | D:6      | Found a hide-covered altar of Uskayaw.
  8621 | D:6      | Found a hazy altar of Hepliaklqana.
  8639 | D:6      | Found a glowing golden altar of the Shining One.
  8744 | D:6      | HP: 2/56 [Prince Ribbit (9)]
  8755 | D:6      | Killed Prince Ribbit
  8755 | D:6      | Reached skill level 7 in Short Blades
  9862 | D:8      | Identified the +1 leather armour of Depression {Dex+3}
  9905 | D:8      | Reached XP level 9. HP: 61/61 MP: 9/11
  9987 | D:8      | Reached skill level 8 in Short Blades
 10305 | D:8      | Learned a level 2 spell: Blink
 10333 | D:8      | Noticed an angel
 10334 | D:8      | Found a glowing silver altar of Zin.
 10634 | D:8      | Noticed a kobold demonologist
 10661 | D:8      | Noticed a red devil
 10682 | D:8      | Noticed a sun demon
 10697 | D:8      | HP: 1/61 [sun demon[a kobold demonologist] (7)]
 10697 | D:8      | Mangled by a sun demon

Levels and vault maps discovered:
D:1:      dpeg_arrival_lava_temple_mockup, layout_basic
D:2:      layout_rooms, minivault_23, feat_on_display
D:3:      layout_basic, old_standard_altar
D:4:      layout_layer_cave, first_ration, minmay_misc_feat_doors, uniq_duvessa
D:5:      layout_basic
D:6:      layout_basic, eat_drink_and_be_merry_uskayaw,
          nicolae_tso_swordbearing_angel, temple_pool_b, basic_altar,
          uniq_menkaure, uniq_prince_ribbit1, uniq_grinder
D:7:      layout_basic
D:8:      layout_rooms, zin_angel, special_room [special_room_kobold]
Temple:   eino_narrow_crystal_temple

Skill      XL: |  1  2  3  4  5  6  7  8  9 |
---------------+----------------------------+-----
Short Blades   | 1 2 3 5 7 8 |  8.8
Stealth        | 1 2 3 |  3.1
Dodging        | 2 3 |  3.0
Fighting       | 2 |  2.0
Shields        | 1 2 3 4 6 |  6.9
Evocations     | |  3.0

Action                   |  1- 3 |  4- 6 |  7- 9 || total
-------------------------+-------+-------+-------++-------
Melee: Short sword       |    34 |       |       ||    34
       Dagger            |   174 |   274 |   733 ||  1181
Throw: Dart              |    29 |    18 |    30 ||    77
Evoke: Wand              |     3 |    18 |     9 ||    30
  Use: Scroll            |       |    14 |     3 ||    17
       Potion            |       |       |     2 ||     2
 Stab: Sleeping          |     6 |     1 |     9 ||    16
       Distracted        |       |     1 |     1 ||     2
  Eat: Chunk             |     5 |     9 |     7 ||    21
       Ration            |       |       |     3 ||     3
Armor: Leather armour    |    15 |       |    26 ||    41
       Ring mail         |    34 |    96 |    54 ||   184
Dodge: Dodged            |   100 |   152 |   152 ||   404
Block: Other             |       |    44 |       ||    44
       Kite shield       |       |    15 |   390 ||   405

Table legend:
 A = Non-vault XP
 B = Vault XP
 C = Vault XP percentage of total XP
 D = Non-vault monster count
 E = Vault monster count
 F = Vault count percentage of total count
                 A         B        C        D         E       F
            +---------+---------+-------+---------+---------+-------
      Total |    2532 |    1475 |  36.8 |     129 |      12 |   8.5
            +---------+---------+-------+---------+---------+-------
        D:1 |      62 |       0 |   0.0 |      33 |       0 |   0.0
        D:2 |      30 |       0 |   0.0 |       9 |       0 |   0.0
        D:3 |      52 |       0 |   0.0 |      16 |       0 |   0.0
        D:4 |     299 |     225 |  42.9 |      13 |       2 |  13.3
        D:5 |     608 |       0 |   0.0 |      23 |       0 |   0.0
        D:6 |     445 |     758 |  63.0 |       7 |       3 |  30.0
        D:7 |     258 |       0 |   0.0 |       6 |       0 |   0.0
        D:8 |     778 |     492 |  38.7 |      22 |       7 |  24.1
            +---------+---------+-------+---------+---------+-------
